TOP OF THE 1ST |
Salt Lake Stingers batting - Pitching for Iowa Cubs : RHP Mike Mussina
|
Pitching: RHP Mike Mussina
|
|
Batting: LHB Scott Podsednik
|
0-0: Ball 1-0: Ball 2-0: Foul Ball, location: 7LMF 2-1: Foul Ball, location: 3F 2-2: Foul Ball, location: 2F 2-2: Foul Ball, location: 7LSF 2-2: Foul Ball, location: 3DF 2-2: Strikes out looking
|
Batting: RHB Willie Martinez
|
0-0: Ball 1-0: Fly out, F8 (Flyball, 8RS, EV 96.9 MPH)
|
Batting: RHB Lee Mitchell
|
0-0: Swinging Strike 0-1: Foul Ball, location: 9LDF 0-2: Fly out, F4 (Line Drive, 4, EV 70.6 MPH)
|
Top of the 1st over - 0 runs, 0 hits, 0 errors, 0 left on base; Salt Lake 0 - Iowa 0 |
BOTTOM OF THE 1ST |
Iowa Cubs batting - Pitching for Salt Lake Stingers : RHP Jake Peavy
|
Pitching: RHP Jake Peavy
|
|
Batting: RHB Brian Cole
|
0-0: Swinging Strike 0-1: Foul Ball, location: 9LMF 0-2: Foul Ball, location: 5FF 0-2: Fly out, F4 (Popup, 4, EV 78.8 MPH)
|
Batting: RHB Blas Cedeno
|
0-0: Ball 1-0: Swinging Strike 1-1: Ball 2-1: Foul Ball, location: 25FF 2-2: Strikes out swinging
|
Batting: LHB Jayson Bass
|
0-0: Called Strike 0-1: Ball 1-1: Foul Ball, location: 3F 1-2: Strikes out swinging
|
Bottom of the 1st over - 0 runs, 0 hits, 0 errors, 0 left on base; Salt Lake 0 - Iowa 0 |
TOP OF THE 2ND |
Salt Lake Stingers batting - Pitching for Iowa Cubs : RHP Mike Mussina
|
Batting: RHB David Cook
|
0-0: Called Strike 0-1: Foul Ball, location: 3F 0-2: Ball 1-2: Strikes out looking
|
Batting: SHB Javy Gonzalez
|
0-0: Foul Ball, location: 7LSF 0-1: Called Strike 0-2: Ball 1-2: Fly out, F8 (Flyball, 8RD, EV 96.9 MPH)
|
Batting: RHB Luis Galarraga
|
0-0: Ball 1-0: Swinging Strike 1-1: Ball 2-1: Swinging Strike 2-2: Strikes out swinging
|
Top of the 2nd over - 0 runs, 0 hits, 0 errors, 0 left on base; Salt Lake 0 - Iowa 0 |
BOTTOM OF THE 2ND |
Iowa Cubs batting - Pitching for Salt Lake Stingers : RHP Jake Peavy
|
Batting: RHB Jimmy Hurst
|
0-0: Foul Ball, location: 2F 0-1: Ball 1-1: Ball 2-1: SOLO HOME RUN (Flyball, 9D, EV 95.6 MPH), Distance : 369 ft
|
Batting: LHB Jeremy Reed
|
0-0: Ball 1-0: Swinging Strike 1-1: SINGLE (Line Drive, 8RS, EV 95.0 MPH)
|
Batting: RHB Mike Lieberthal
|
0-0: Ball 1-0: Called Strike 1-1: Foul Ball, location: 2F 1-2: Foul Ball, location: 25FF 1-2: Ball 2-2: Foul Ball, location: 2F 2-2: Foul Ball, location: 3F 2-2: DOUBLE (Flyball, 8RXD, EV 101.9 MPH) Jeremy Reed to third
|
Pinch Runner at 2nd Brian Banks:
|
|
Batting: LHB Matt Erickson
|
0-0: Ball 1-0: Ball 2-0: Ball 3-0: Foul Ball, location: 23F 3-1: Base on Balls
|
Batting: LHB Delino DeShields
|
0-0: Foul Ball, location: 2F 0-1: Ball 1-1: Ball 2-1: Called Strike 2-2: Grounds out, U3 (Groundball, 3L, EV 101.3 MPH) Jeremy Reed scores Brian Banks to third
|
Batting: RHB Antonio Perez
|
0-0: Ball 1-0: Ball 2-0: Called Strike 2-1: Foul Ball, location: 9LSF 2-2: Hit by Pitch
|
Batting: RHB Brian Cole
|
0-0: Called Strike 0-1: SINGLE (Groundball, 56S, EV 71.9 MPH) (infield hit) Brian Banks scores Matt Erickson to third Antonio Perez to second
|
Batting: RHB Blas Cedeno
|
0-0: Foul Ball, location: 23F 0-1: Ball 1-1: Ball 2-1: Foul Ball, location: 3F 2-2: Foul Ball, location: 3FF 2-2: Ball 3-2: SINGLE (Groundball, 34D, EV 93.8 MPH) Matt Erickson scores Antonio Perez to third Brian Cole to second
|
Batting: LHB Jayson Bass
|
0-0: Foul Ball, location: 23FF 0-1: Ball 1-1: Ball 2-1: Swinging Strike 2-2: Foul Ball, location: 7LDF 2-2: Ball 3-2: Foul Ball, location: 2F 3-2: Fly out, F7 (Flyball, 7LM, EV 93.8 MPH) Runner from 3rd tags up, SCORES, no throw by LF
|
Batting: RHB Jimmy Hurst
|
0-0: Swinging Strike 0-1: Ball 1-1: Fly out, F5 (Line Drive, 5L, EV 72.5 MPH)
|
Bottom of the 2nd over - 5 runs, 5 hits, 0 errors, 2 left on base; Salt Lake 0 - Iowa 5 |
TOP OF THE 3RD |
Salt Lake Stingers batting - Pitching for Iowa Cubs : RHP Mike Mussina
|
Now at C: Brian Banks
|
|
Batting: RHB Bryon Jeffcoat
|
0-0: Called Strike 0-1: Ball 1-1: Fly out, F9 (Flyball, 9, EV 86.9 MPH)
|
Batting: RHB Kurt Keene
|
0-0: Called Strike 0-1: Foul Ball, location: 9LDF 0-2: Ground out 6-3 (Groundball, 6, EV 88.1 MPH)
|
Batting: RHB Manny Mejia
|
0-0: Called Strike 0-1: Ground out 6-3 (Groundball, 56, EV 85.6 MPH)
|
Top of the 3rd over - 0 runs, 0 hits, 0 errors, 0 left on base; Salt Lake 0 - Iowa 5 |
BOTTOM OF THE 3RD |
Iowa Cubs batting - Pitching for Salt Lake Stingers : RHP Jake Peavy
|
Batting: LHB Jeremy Reed
|
0-0: Ball 1-0: Swinging Strike 1-1: Ball 2-1: SOLO HOME RUN (Flyball, 9LD, EV 93.8 MPH), Distance : 332 ft
|
Pitching: RHP Brian Bass
|
|
Batting: SHB Brian Banks
|
0-0: Ball 1-0: Swinging Strike 1-1: Swinging Strike 1-2: Strikes out swinging
|
Batting: LHB Matt Erickson
|
0-0: Ball 1-0: Ball 2-0: Fly out, F7 (Flyball, 78S, EV 89.4 MPH)
|
Batting: LHB Delino DeShields
|
0-0: Called Strike 0-1: Ball 1-1: Ball 2-1: Swinging Strike 2-2: Foul Ball, location: 2F 2-2: Foul Ball, location: 2F 2-2: Strikes out swinging
|
Bottom of the 3rd over - 1 run, 1 hit, 0 errors, 0 left on base; Salt Lake 0 - Iowa 6 |
TOP OF THE 4TH |
Salt Lake Stingers batting - Pitching for Iowa Cubs : RHP Mike Mussina
|
Batting: LHB Scott Podsednik
|
0-0: Ball 1-0: Foul Ball, location: 25F 1-1: Fly out, F7 (Flyball, 7D, EV 105.0 MPH)
|
Batting: RHB Willie Martinez
|
0-0: Ball 1-0: Foul Ball, location: 9LDF 1-1: Foul Ball, location: 2F 1-2: Foul Ball, location: 9LMF 1-2: Foul Ball, location: 9LSF 1-2: Fly out, F9 (Line Drive, 9, EV 98.1 MPH)
|
Batting: RHB Lee Mitchell
|
0-0: Swinging Strike 0-1: Ground out 5-3 (Groundball, 56, EV 100.0 MPH)
|
Top of the 4th over - 0 runs, 0 hits, 0 errors, 0 left on base; Salt Lake 0 - Iowa 6 |
BOTTOM OF THE 4TH |
Iowa Cubs batting - Pitching for Salt Lake Stingers : RHP Brian Bass
|
Batting: RHB Antonio Perez
|
0-0: Ball 1-0: Called Strike 1-1: Swinging Strike 1-2: Foul Ball, location: 9LMF 1-2: Strikes out swinging
|
Batting: RHB Brian Cole
|
0-0: Called Strike 0-1: Ball 1-1: Ball 2-1: Foul Ball, location: 3FF 2-2: DOUBLE (Line Drive, 7LS, EV 105.0 MPH)
|
Batting: RHB Blas Cedeno
|
0-0: SINGLE (Line Drive, 8LS, EV 95.6 MPH) Brian Cole to third
|
Batting: LHB Jayson Bass
|
0-0: Ball 1-0: Foul Ball, location: 7LSF 1-1: Ball 2-1: Called Strike 2-2: Fielders Choice at 2nd, 4-6 (Groundball, 4, EV 81.9 MPH) Brian Cole scores
|
Batting: RHB Jimmy Hurst
|
0-0: Ball 1-0: Swinging Strike 1-1: Ball 2-1: Fielders Choice at 2nd, 6-4 (Groundball, 6, EV 85.6 MPH)
|
Bottom of the 4th over - 1 run, 2 hits, 0 errors, 1 left on base; Salt Lake 0 - Iowa 7 |
TOP OF THE 5TH |
Salt Lake Stingers batting - Pitching for Iowa Cubs : RHP Mike Mussina
|
Batting: RHB David Cook
|
0-0: Foul Ball, location: 23F 0-1: Ball 1-1: Foul Ball, location: 2RF 1-2: SOLO HOME RUN (Flyball, 78XD, EV 99.4 MPH), Distance : 400 ft
|
Batting: SHB Javy Gonzalez
|
0-0: Fly out, F7 (Flyball, 78M, EV 96.9 MPH)
|
Batting: RHB Luis Galarraga
|
0-0: Swinging Strike 0-1: Swinging Strike 0-2: Ball 1-2: Ball 2-2: Ball 3-2: Foul Ball, location: 23FF 3-2: Base on Balls
|
Batting: RHB Bryon Jeffcoat
|
0-0: Called Strike 0-1: Ball 1-1: Swinging Strike 1-2: Ball 2-2: Ball 3-2: SINGLE (Groundball, 4MD, EV 98.8 MPH) Luis Galarraga to second Runner from 2nd tries for 3rd, SAFE, throw by CF made to third
|
Batting: RHB Kurt Keene
|
0-0: Foul Ball, location: 9LDF 0-1: Ball 1-1: Ball 2-1: Foul Ball, location: 5FF 2-2: Foul Ball, location: 23F 2-2: Ball 3-2: SINGLE (Line Drive, 4D, EV 101.3 MPH) Luis Galarraga scores Bryon Jeffcoat to second
|
Batting: RHB Manny Mejia
|
0-0: Swinging Strike 0-1: Foul Ball, location: 2F 0-2: Ball 1-2: Foul Ball, location: 2F 1-2: 3-RUN HOME RUN (Line Drive, 78XD, EV 100.6 MPH), Distance : 402 ft
|
Pitching: RHP Yoichi Date
|
|
Batting: LHB Scott Podsednik
|
0-0: Ball 1-0: Fly out, F7 (Line Drive, 78S, EV 91.3 MPH)
|
Batting: RHB Willie Martinez
|
0-0: Called Strike 0-1: Ball 1-1: Hit by Pitch
|
Batting: RHB Lee Mitchell
|
0-0: Called Strike 0-1: Ball 1-1: Foul Ball, location: 2F 1-2: Reached on error, E5 (Groundball, 56S, EV 62.5 MPH) Willie Martinez to third
|
Batting: RHB David Cook
|
0-0: Ball 1-0: Ball 2-0: Ball 3-0: Called Strike 3-1: Called Strike 3-2: Strikes out looking
|
Top of the 5th over - 5 runs, 4 hits, 1 error, 2 left on base; Salt Lake 5 - Iowa 7 |
BOTTOM OF THE 5TH |
Iowa Cubs batting - Pitching for Salt Lake Stingers : RHP Brian Bass
|
Batting: LHB Jeremy Reed
|
0-0: Ball 1-0: Ground out U3 (Groundball, 34, EV 104.4 MPH)
|
Pitching: RHP Justin James
|
|
Batting: SHB Brian Banks
|
0-0: Ball 1-0: Called Strike 1-1: Called Strike 1-2: Strikes out swinging
|
Batting: LHB Matt Erickson
|
0-0: Ball 1-0: DOUBLE (Flyball, 78XD, EV 105.0 MPH)
|
Batting: LHB Delino DeShields
|
0-0: Swinging Strike 0-1: Called Strike 0-2: Ball 1-2: Foul Ball, location: 3F 1-2: Ball 2-2: Foul Ball, location: 2F 2-2: Strikes out swinging
|
Bottom of the 5th over - 0 runs, 1 hit, 0 errors, 1 left on base; Salt Lake 5 - Iowa 7 |
TOP OF THE 6TH |
Salt Lake Stingers batting - Pitching for Iowa Cubs : RHP Yoichi Date
|
Batting: SHB Javy Gonzalez
|
0-0: Ball 1-0: Ball 2-0: Fly out, F7 (Flyball, 7S, EV 91.3 MPH)
|
Batting: RHB Luis Galarraga
|
0-0: Ball 1-0: Foul Ball, location: 2F 1-1: Ball 2-1: SINGLE (Groundball, 6MD, EV 106.3 MPH)
|
Batting: RHB Bryon Jeffcoat
|
0-0: Ball 1-0: Foul Ball, location: 9LDF 1-1: Fly out, F4 (Popup, 34, EV 56.3 MPH)
|
Pinch Hitting: RHB Victor Paz
|
0-0: Ball 1-0: Called Strike 1-1: Called Strike 1-2: Ball Wild Pitch! Luis Galarraga to second 2-2: Ground out 6-3 (Groundball, 6MS, EV 71.9 MPH)
|
Top of the 6th over - 0 runs, 1 hit, 0 errors, 1 left on base; Salt Lake 5 - Iowa 7 |
BOTTOM OF THE 6TH |
Iowa Cubs batting - Pitching for Salt Lake Stingers : RHP Justin James
|
Now at 2B: Vince Harrison
|
|
Batting: RHB Antonio Perez
|
0-0: Swinging Strike 0-1: SINGLE (Groundball, 34S, EV 63.1 MPH) (infield hit)
|
Batting: RHB Brian Cole
|
0-0: Called Strike 0-1: Sac Bunt to 23 - play at first, batter safe! Antonio Perez to second
|
Batting: RHB Blas Cedeno
|
0-0: Swinging Strike 0-1: Ball 1-1: Called Strike 1-2: Strikes out swinging
|
Batting: LHB Jayson Bass
|
0-0: Called Strike 0-1: Called Strike 0-2: SINGLE (Flyball, 8RS, EV 98.8 MPH) Antonio Perez to third Brian Cole to second
|
Pitching: RHP Ehren Wassermann
|
|
Batting: RHB Jimmy Hurst
|
0-0: Ball 1-0: Foul Ball, location: 2F 1-1: Ball 2-1: Foul Ball, location: 2RF 2-2: Foul Ball, location: 2F 2-2: Ball 3-2: SINGLE (Groundball, 4D, EV 98.1 MPH) Antonio Perez scores Brian Cole to third Jayson Bass to second
|
Batting: LHB Jeremy Reed
|
0-0: Swinging Strike 0-1: Foul Ball, location: 2F 0-2: Foul Ball, location: 7LSF 0-2: Ball 1-2: Strikes out swinging
|
Batting: SHB Brian Banks
|
0-0: Called Strike 0-1: Ball 1-1: Foul Ball, location: 3SF 1-2: Ball 2-2: Ball 3-2: Strikes out looking
|
Bottom of the 6th over - 1 run, 4 hits, 0 errors, 3 left on base; Salt Lake 5 - Iowa 8 |
TOP OF THE 7TH |
Salt Lake Stingers batting - Pitching for Iowa Cubs : RHP Yoichi Date
|
Batting: RHB Manny Mejia
|
0-0: Ground out 6-3 (Groundball, 6, EV 93.8 MPH)
|
Batting: LHB Scott Podsednik
|
0-0: Called Strike 0-1: Foul Ball, location: 3FF 0-2: Foul Ball, location: 7LSF 0-2: Ball 1-2: Fly out, F4 (Line Drive, 4MD, EV 64.4 MPH)
|
Batting: RHB Willie Martinez
|
0-0: Ball 1-0: Fly out, F7 (Flyball, 78M, EV 93.1 MPH)
|
Top of the 7th over - 0 runs, 0 hits, 0 errors, 0 left on base; Salt Lake 5 - Iowa 8 |
BOTTOM OF THE 7TH |
Iowa Cubs batting - Pitching for Salt Lake Stingers : RHP Ehren Wassermann
|
Batting: LHB Matt Erickson
|
0-0: Ball 1-0: SOLO HOME RUN (Flyball, 89XD, EV 97.5 MPH), Distance : 400 ft
|
Batting: LHB Delino DeShields
|
0-0: Called Strike 0-1: Ball 1-1: Foul Ball, location: 7LMF 1-2: Foul Ball, location: 5FF 1-2: Foul Ball, location: 2F 1-2: Foul Ball, location: 5FF 1-2: Strikes out swinging
|
Pitching: RHP Jim Unknown
|
|
Batting: RHB Antonio Perez
|
0-0: Called Strike 0-1: Swinging Strike 0-2: DOUBLE (Flyball, 78XD, EV 103.1 MPH)
|
Batting: RHB Brian Cole
|
0-0: Called Strike 0-1: Ball 1-1: SINGLE (Flyball, 34D, EV 94.4 MPH) Antonio Perez to third
|
Batting: RHB Blas Cedeno
|
0-0: Foul Ball, location: 2F 0-1: Called Strike Brian Cole steals 2nd base (no throw) 0-2: Ball 1-2: Strikes out looking
|
Batting: LHB Jayson Bass
|
0-0: Ball 1-0: Called Strike 1-1: Ball 2-1: Ball 3-1: Base on Balls
|
Batting: RHB Jimmy Hurst
|
0-0: Ball 1-0: Ball 2-0: Called Strike 2-1: SINGLE (Line Drive, 6D, EV 94.4 MPH) Antonio Perez scores Brian Cole to third Jayson Bass to second
|
Batting: LHB Jeremy Reed
|
0-0: Swinging Strike 0-1: Ball 1-1: Swinging Strike 1-2: Hit by Pitch Brian Cole scores Jayson Bass to third Jimmy Hurst to second
|
Batting: SHB Brian Banks
|
0-0: Foul Ball, location: 2F 0-1: Ball 1-1: Fly out, F7 (Line Drive, 7, EV 97.5 MPH)
|
Bottom of the 7th over - 3 runs, 4 hits, 0 errors, 3 left on base; Salt Lake 5 - Iowa 11 |
TOP OF THE 8TH |
Salt Lake Stingers batting - Pitching for Iowa Cubs : RHP Yoichi Date
|
Pitching: LHP Mark Freed
|
|
Batting: RHB Lee Mitchell
|
0-0: Foul Ball, location: 2F 0-1: Ground out 5-3 (Groundball, 5, EV 102.5 MPH)
|
Batting: RHB David Cook
|
0-0: Fly out, F3 (Popup, 3F, EV 63.1 MPH)
|
Batting: SHB Javy Gonzalez
|
0-0: Swinging Strike 0-1: Ball 1-1: Ball 2-1: Ball 3-1: Foul Ball, location: 2F 3-2: DOUBLE (Line Drive, 8LXD, EV 97.5 MPH)
|
Batting: RHB Luis Galarraga
|
0-0: Ball 1-0: Ball 2-0: Called Strike 2-1: Swinging Strike 2-2: Strikes out swinging
|
Top of the 8th over - 0 runs, 1 hit, 0 errors, 1 left on base; Salt Lake 5 - Iowa 11 |
BOTTOM OF THE 8TH |
Iowa Cubs batting - Pitching for Salt Lake Stingers : RHP Jim Unknown
|
Batting: LHB Matt Erickson
|
0-0: Ball 1-0: Ball 2-0: Ball 3-0: Base on Balls
|
Batting: LHB Delino DeShields
|
0-0: Foul Ball, location: 2F 0-1: Foul Ball, location: 7LSFF 0-2: Ball 1-2: Ball 2-2: Foul Ball, location: 5F 2-2: Ball 3-2: 2-RUN HOME RUN (Flyball, 7D, EV 96.3 MPH), Distance : 369 ft
|
Batting: RHB Antonio Perez
|
0-0: Ball 1-0: Ball 2-0: Swinging Strike 2-1: Ground out 6-3 (Groundball, 6, EV 86.3 MPH)
|
Batting: RHB Brian Cole
|
0-0: Ball 1-0: Ball 2-0: Ball 3-0: Base on Balls
|
Batting: RHB Blas Cedeno
|
0-0: Ball 1-0: Ball 2-0: Ball 3-0: Base on Balls Brian Cole to second
|
Batting: LHB Jayson Bass
|
0-0: Called Strike 0-1: SINGLE (Line Drive, 4D, EV 110.6 MPH) Brian Cole to third Blas Cedeno to second
|
Batting: RHB Jimmy Hurst
|
0-0: Called Strike 0-1: Foul Ball, location: 2F 0-2: Ball 1-2: Ball 2-2: SINGLE (Flyball, 9S, EV 88.1 MPH) Brian Cole scores Blas Cedeno to third Jayson Bass to second
|
Pitching: RHP Jim Unknown
|
|
Batting: LHB Jeremy Reed
|
0-0: Ball 1-0: Ball 2-0: Called Strike 2-1: Foul Ball, location: 7LDF 2-2: Fly out, F8 (Flyball, 8RM, EV 73.1 MPH)
|
Batting: SHB Brian Banks
|
0-0: Fielders Choice at 2nd, 6-4 (Groundball, 6, EV 93.1 MPH)
|
Bottom of the 8th over - 3 runs, 3 hits, 0 errors, 3 left on base; Salt Lake 5 - Iowa 14 |
TOP OF THE 9TH |
Salt Lake Stingers batting - Pitching for Iowa Cubs : LHP Mark Freed
|
Batting: RHB Bryon Jeffcoat
|
0-0: Called Strike 0-1: TRIPLE (Line Drive, 89XD, EV 107.5 MPH)
|
Batting: RHB Vince Harrison
|
0-0: Called Strike 0-1: Foul Ball, location: 9LSF 0-2: Strikes out swinging
|
Batting: RHB Manny Mejia
|
0-0: Ball 1-0: Swinging Strike 1-1: Swinging Strike 1-2: Strikes out looking
|
Batting: LHB Scott Podsednik
|
0-0: Ball 1-0: Ground out 1-3 (Groundball, P, EV 66.3 MPH)
|
Top of the 9th over - 0 runs, 1 hit, 0 errors, 1 left on base; Salt Lake 5 - Iowa 14 |
|